 Dungeon Crawl Stone Soup version 0.31-a0-437-g7cee417757 (webtiles) character file.

Game seed: 10645052260139799507

383 AdnanSaban the Covered (level 6, 0/39 HPs)
             Began as a Gargoyle Fighter on Aug 2, 2023.
             Was an Initiate of Okawaru.
             Splashed by a jelly's acid (2 damage)
             ... on level 4 of the Dungeon.
             The game lasted 00:02:30 (2846 turns).

AdnanSaban the Covered (Gargoyle Fighter)           Turns: 2846, Time: 00:02:31

Health: 0/39       AC: 10    Str: 21    XL:     6   Next: 76%
Magic:  6/6        EV:  9    Int:  9    God:    Okawaru [......]
Gold:   205        SH:  4    Dex:  9    Spells: 5/5 levels left

rFire   . . .        a - +0 flail
rCold   . . .        c - +0 buckler
rNeg    + . .        b - +0 scale mail
rPois   ∞            s - +0 helmet
rElec   +            (no cloak)
rCorr   .            (no gloves)
SInv    .            g - +0 pair of boots
Will    .....        h - amulet of the acrobat Stlth
                     l - ring of flight
HPRegen 0.26/turn    (no ring)
MPRegen 0.10/turn

%: acrobat
@: corroded, flying
A: sickness immunity, AC +4, negative energy resistance 1, electricity
resistance, torment resistance 1, petrification resistance
a: Renounce Religion


You were on level 4 of the Dungeon.
You worshipped Okawaru.
Okawaru was noncommittal.
You visited 2 branches of the dungeon, and saw 5 of its levels.

You collected 205 gold pieces.

Inventory:

Hand Weapons
 a - a +0 flail (weapon)
Missiles
 f - 5 poisoned darts
Armour
 b - a +0 scale mail (worn)
 c - a +0 buckler (worn)
 g - a +0 pair of boots (worn)
 s - a +0 helmet (worn)
Jewellery
 h - an amulet of the acrobat (around neck)
 l - a ring of flight (left hand)
Scrolls
 e - 5 scrolls of teleportation {unknown}
 j - a scroll of fog {unknown}
 m - 4 scrolls of identify {unknown}
 r - 2 scrolls of vulnerability {unknown}
 t - a scroll of noise {unknown}
 v - a scroll of silence {unknown}
 w - a scroll of revelation {unknown}
Potions
 d - 3 potions of might
 i - a potion of lignification {unknown}
 k - 4 potions of curing {unknown}
 n - 2 potions of berserk rage {unknown}
 o - a potion of attraction {unknown}
 p - a potion of heal wounds {unknown}
 q - a potion of brilliance {unknown}
 u - a potion of degeneration {unknown}


   Skills:
 + Level 4.6 Fighting
 + Level 4.1 Maces & Flails
 + Level 5.0 Armour
 + Level 1.0 Dodging
 + Level 0.2 Stealth
 + Level 4.3 Shields


You had 5 spell levels left.
You didn't know any spells.
Your spell library contained the following spells:

 Spells                   Type           Power      Damage    Failure   Level
 Wereblood                Tmut           0%         N/A       89%         2
 Sublimation of Blood     Necr           Unusable   N/A       N/A         2
 Summon Hydra             Summ           Unusable   N/A       N/A         7

Dungeon Overview and Level Annotations

Branches:
Dungeon (4/15)             Temple (1/1) D:4

Altars:
Ashenzari
Dithmenos
Gozag
Makhleb
Nemelex Xobeh
Okawaru
Qazlal
Ru
Sif Muna
Uskayaw
Wu Jian
Xom
Yredelemnul
Zin
The Shining One

Shops:
D:4 :


Innate Abilities, Weirdness & Mutations

You are immune to sickness and miasma.
Your stone body is resilient. (AC +4)
You are immune to poison.
You resist negative energy. (rN+)
You are resistant to electric shocks. (rElec)
You are resistant to unholy torment.
You are immune to petrification.


Message History

w - a scroll labelled OKHUCL LETUEGG You now have 205 gold pieces (gained 13).
A jelly comes into view.
The jelly quivers.
The jelly hits you. The acid corrodes you!
You are splashed with acid!
You sock the jelly!
Your hands burn!
The jelly is heavily wounded.
The jelly barely misses you.
You barely miss the jelly.
The jelly is heavily wounded.
The jelly barely misses you.
You hit the jelly.
Your hands burn!
The jelly is heavily wounded.
The jelly barely misses you. The jelly hits you. The acid corrodes you!
You are splashed with acid!
You are too injured to fight recklessly!
You are too injured to fight recklessly!
You are too injured to fight recklessly!
You are too injured to fight recklessly!
You are too injured to fight recklessly!
You are too injured to fight recklessly!
You are too injured to fight recklessly!
You are too injured to fight recklessly!
You are too injured to fight recklessly!
You are too injured to fight recklessly!
You are too injured to fight recklessly!
You are too injured to fight recklessly!
You are too injured to fight recklessly!
You are too injured to fight recklessly!
You are too injured to fight recklessly!
Unknown command.
You sock the jelly!
Your hands burn!
* * * LOW HITPOINT WARNING * * *
The jelly is almost dead.
The jelly hits you.
* * * LOW HITPOINT WARNING * * *
You are splashed with acid.
* * * LOW HITPOINT WARNING * * *
You hit the jelly but do no damage.
Your hands burn!
You die...

#.#.###.# #.#.# #.# ..#.#
#.# ....# #.########## .
..#.###.##.......##.
..#..##..'.......... #
.....#####.......# .#
..##.#####>.....J# ..#
.)..............@# ...#
#.####...........#####..#
#.# ....................#
... .............###..#.#
#.#.########.#.#.# #..#
.... #.#.#.# ...# ## #
#.#.#.. .#.# ..#.#.### .#
###.#$# .#


You could see a jelly.

Vanquished Creatures
  Sigmund (D:2)
  A black bear (D:4)
  An iguana (D:4)
  6 adders (D:2)
  2 dart slugs
  2 endoplasms (D:1)
  2 giant cockroaches (D:4)
  10 goblins
  5 hobgoblins
  4 quokkas
  6 ball pythons
  4 bats
  A frilled lizard (D:1)
  6 kobolds
  5 rats
56 creatures vanquished.

Notes
Turn   | Place    | Note
-------+----------+-------------------------------------------
     0 | D:1      | AdnanSaban the Gargoyle Fighter began the quest for the
                  | Orb.
     0 | D:1      | Reached XP level 1. HP: 14/14 MP: 1/1
   112 | D:1      | Reached XP level 2. HP: 19/19 MP: 2/2
   653 | D:1      | Reached XP level 3. HP: 24/24 MP: 3/3
   787 | D:2      | Noticed Sigmund
   802 | D:2      | Killed Sigmund
   803 | D:2      | Reached skill level 4 in Armour
   803 | D:2      | Reached XP level 4. HP: 23/30 MP: 4/4
   803 | D:2      | Reached XP level 5. HP: 26/34 MP: 5/5
  1534 | D:2      | Reached XP level 6. HP: 39/39 MP: 6/6
  2298 | D:4      | Found Cent's Book Shop.
  2465 | D:4      | Found a staircase to the Ecumenical Temple.
  2471 | Temple   | Entered the Ecumenical Temple
  2492 | Temple   | Became a worshipper of Warmaster Okawaru
  2739 | D:4      | Noticed a black bear
  2769 | D:4      | Killed a black bear
  2770 | D:4      | Reached skill level 5 in Armour
  2770 | D:4      | Reached skill level 1 in Dodging
  2846 | D:4      | Splashed by a jelly's acid

Illustrated notes

Levels and vault maps discovered:
D:1:      scummos_arrival_checkerplants, layout_loops_ring, solitary_fountain
D:2:      cheibrodos_old_hovel, layout_basic, uniq_sigmund
D:3:      layout_basic
D:4:      layout_basic, temple_green, serial_shops, shop, grunt_ministairs_5
Temple:   nicolae_temple_bog_church

Skill      XL: |  1  2  3  4  5  6 |
---------------+-------------------+-----
Fighting       | 4 |  4.6
Maces & Flails | 3 4 |  4.1
Armour         | 4 5 |  5.0
Shields        | 4 |  4.3
Dodging        | 1 |  1.0
Stealth        | |  0.2

Action                     |  1- 3 |  4- 6 || total
---------------------------+-------+-------++-------
  Melee: Flail             |    89 |   138 ||   227
 Armour: Scale mail        |    67 |    87 ||   154
  Dodge: Dodged            |    44 |    85 ||   129
  Block: Buckler           |    13 |    48 ||    61

Table legend: (Time is in decaauts)
 A = Elapsed time spent in this place.
 B = Non-inter-level travel time spent in this place.
 C = Inter-level travel time spent in this place.
 D = Time resting spent in this place.
 E = Time spent auto-exploring this place.
 F = Levels seen in this place.
 G = Mean time per level.
                   A        B        C        D        E       F      G
               +--------+--------+--------+--------+--------+-----+--------+
         Total |   2907 |   2818 |     89 |    127 |   2127 |   5 |  581.4 |
       Dungeon |   2864 |   2815 |     49 |    127 |   2127 |   4 |  716.0 |
        Temple |     42 |      2 |     40 |      0 |      0 |   1 |   42.0 |
               +--------+--------+--------+--------+--------+-----+--------+

Top non-repeatable levels by time:
     D:2: 965 daAuts
     D:1: 738 daAuts
     D:3: 640 daAuts
     D:4: 520 daAuts
  Temple: 42 daAuts
